 Dungeon Crawl Stone Soup version 0.31-a0-112-gdf0485fa37 (webtiles) character file.

Game seed: 12599115873687534674

20832 goodjpngoblin the Severer (level 12, -3/112 HPs)
             Began as a Minotaur Berserker on May 28, 2023.
             Was a High Priest of Trog.
             Slain by a cane toad (6 damage)
             ... while petrified by a basilisk
             ... on level 2 of the Lair of Beasts.
             The game lasted 00:28:35 (10744 turns).

goodjpngoblin the Severer (Minotaur Berserker)     Turns: 10744, Time: 00:28:36

Health: -3/112     AC: 15    Str: 27    XL:     12   Next: 48%
Magic:  11/11      EV:  2    Int:  4    God:    Trog [*****.]
Gold:   168        SH:  0    Dex: 10    Spells: 11/11 levels left

rFire   . . .        q - +12 broad axe of Yluirph {holy, +Blink Fly}
rCold   . . .        (no shield)
rNeg    + + +        v - +1 chain mail
rPois   ∞            (helmet restricted)
rElec   .            u - +0 cloak
rCorr   .            (no gloves)
SInv    .            (no boots)
Will    .....        x - amulet of regeneration Stlth
                     m - ring of positive energy
HPRegen 1.18/turn    (no ring)
MPRegen 0.12/turn

%: no passive effects
@: lethally poisoned (-3 -> -3), petrified, on berserk cooldown, flying, slowed
A: horns 2, retaliatory headbutt
a: Renounce Religion, Evoke Blink, Berserk, Trog's Hand, Brothers in Arms


You were on level 2 of the Lair of Beasts.
You worshipped Trog.
Trog was extremely pleased with you.
You visited 2 branches of the dungeon, and saw 13 of its levels.

You collected 632 gold pieces.
You spent 464 gold pieces at shops.

Inventory:

Hand Weapons
 a - a +0 spectral hand axe
 o - a +3 long sword of flaming
 q - the +12 broad axe of Yluirph (weapon) {holy, +Blink Fly}
   (You acquired it on level 7 of the Dungeon)

   Fly:       It grants you flight.
   +Blink:    It lets you blink.
 H - a +4 battleaxe of flaming
Missiles
 w - 2 throwing nets (quivered)
Armour
 h - a +0 leather armour
 u - a +0 cloak (worn)
 v - a +1 chain mail (worn)
Jewellery
 e - a ring of ice
 m - a ring of positive energy (left hand)
 r - a ring of magical power
 x - an amulet of regeneration (around neck)
 C - a ring of poison resistance
 F - a +6 ring of dexterity
Wands
 y - a wand of flame (29)
 B - a wand of mindburst (3)
 E - a wand of digging (5)
 G - a wand of polymorph (6)
Scrolls
 k - a scroll of fear
 l - 2 scrolls of teleportation
 z - 2 scrolls of enchant weapon
 A - a scroll of magic mapping
 I - a scroll of identify
Potions
 b - a potion of curing
 c - 4 potions of degeneration
 d - 4 potions of heal wounds
 f - a potion of brilliance
 g - 2 potions of mutation
 i - 3 potions of haste
 j - 2 potions of magic
 n - a potion of might
 p - 3 potions of lignification
 s - a potion of enlightenment {unknown}
 t - a potion of ambrosia {unknown}
 D - a potion of cancellation {unknown}


   Skills:
 + Level 12.0 Fighting
 + Level 17.2 Axes
 + Level 12.3 Armour
 + Level 5.9 Dodging
 + Level 3.5 Stealth


You had 11 spell levels left.
You didn't know any spells.
Your spell library was empty.

Dungeon Overview and Level Annotations

Branches:
Dungeon (11/15)            Temple (0/1) D:6            Lair (2/5) D:11
 Shoals (0/4) Lair:2          Orc (0/2) D:9
  Snake: Lair:2-3    Spider: Lair:2-3

Altars:
Dithmenos
Fedhas
Gozag
Kikubaaqudgha
Makhleb
Nemelex Xobeh
Ru
Trog

Shops:
D:1 =   D:5 [   D:6 ?   D:10 =


Innate Abilities, Weirdness & Mutations

You have a pair of horns on your head.
You reflexively headbutt those who attack you in melee.


Message History

The skyshark tail-slaps you.
* * * LOW HITPOINT WARNING * * *
The skyshark tail-slaps you. The cane toad stings you.
* * * LOW HITPOINT WARNING * * *
The basilisk gazes at you. You resist with some effort.
A boulder beetle comes into view.
The bullfrog hits you.
* * * LOW HITPOINT WARNING * * *
The komodo dragon bites you.
* * * LOW HITPOINT WARNING * * *
The cane toad stings you but does no damage.
The skyshark hisses menacingly.
The skyshark bites you.
* * * LOW HITPOINT WARNING * * *
The skyshark tail-slaps you but does no damage. x2
The bullfrog snags a nearby mosquito with its tongue.
The bullfrog barely misses you.
The basilisk bites you but does no damage.
The sentinel's mark upon you fades away.
The komodo dragon bites you!!
* * * LOW HITPOINT WARNING * * *
The bullfrog hits you.
* * * LOW HITPOINT WARNING * * *
The cane toad stings you!
* * * LOW HITPOINT WARNING * * *
The skyshark bites you but does no damage.
The skyshark tail-slaps you but does no damage.
The skyshark barely misses you. The basilisk bites you.
* * * LOW HITPOINT WARNING * * *
The bullfrog hits you but does no damage.
The cane toad stings you but does no damage.
The komodo dragon bites you but does no damage.
The skyshark bites you but does no damage.
The skyshark tail-slaps you.
The skyshark tail-slaps you but does no damage.
The bullfrog hits you.
* * * LOW HITPOINT WARNING * * *
The basilisk bites you. The cane toad stings you!
You die...

.......# #......#
........# #..>...##
#.......# #.
#......## #..
####......## #..#
##.##.......#
##..###.#.#.......#
#....lF..........P#
#..BF@...........#
#...ll$...........#
#................##
#...............##
#..†............#
#................#
............#...#..#
.......P.#..#......#
........###.#....#


You could see a boulder beetle, a skyshark, a komodo dragon, a cane toad, a
basilisk and a bullfrog.

Vanquished Creatures
  A hydra (Lair:2)
  A centaur warrior (D:8)
  2 two-headed ogres
  A boulder beetle (D:7)
  An ugly thing (D:9)
  A black mamba (Lair:1)
  2 water nymphs (Lair:2)
  A gargoyle (D:10)
  5 cane toads
  A torpor snail (Lair:1)
  Psyche (D:8)
  A komodo dragon (Lair:2)
  A rime drake (Lair:1)
  A troll (D:10)
  A polar bear (Lair:2)
  9 blink frogs (Lair:1)
  Grinder (D:3)
  4 dream sheep (Lair:1)
  A shadow (D:9)
  A wraith (D:9)
  5 wyverns
  A human (D:8)
  2 basilisks (Lair:2)
  28 yaks
  A steam dragon (D:10)
  4 wargs
  7 water moccasins
  Duvessa (D:6)
  3 orc warriors
  A black bear (D:7)
  An ice beast (D:7)
  3 centaurs
  3 ogres
  A phantom (D:6)
  4 kobold brigands
  4 bullfrogs
  A water moccasin zombie (D:5)
  4 scorpions
  Dowan (D:6)
  13 killer bees
  An electric eel (Lair:1)
  A howler monkey (D:9)
  A bullfrog zombie (D:5)
  2 centaur zombies (D:5)
  6 hounds
  2 jellies
  A centaur skeleton (D:5)
  9 orc priests
  2 sleepcaps
  2 gnoll boudas (D:7)
  12 orc wizards
  2 scorpion zombies (D:5)
  A hound skeleton (D:5)
  13 gnolls
  5 adders
  A white imp (D:6)
  A dart slug (D:1)
  38 orcs
  5 ball pythons
  4 bats
  4 endoplasms
  3 goblins
  5 hobgoblins
  8 jackals
  4 quokkas
  6 frilled lizards
  20 kobolds
  10 rats
  A spectral hobgoblin (D:2)
295 creatures vanquished.

Vanquished Creatures (others)
  A spectral weapon (D:6)
1 creature vanquished.

Grand Total: 296 creatures vanquished

Notes
Turn   | Place    | Note
-------+----------+-------------------------------------------
     0 | D:1      | goodjpngoblin the Minotaur Berserker began the quest for
                  | the Orb.
     0 | D:1      | Reached XP level 1. HP: 19/19 MP: 0/0
   119 | D:1      | Reached XP level 2. HP: 14/27 MP: 1/1
   206 | D:1      | Reached skill level 4 in Axes
   417 | D:1      | Reached ** piety under Trog
   418 | D:1      | Reached XP level 3. HP: 17/34 MP: 2/2
   574 | D:1      | Found Doism's Jewellery Boutique.
  1656 | D:2      | Found a faded altar of an unknown god.
  1887 | D:3      | Found an ancient bone altar of Kikubaaqudgha.
  1919 | D:3      | Reached XP level 4. HP: 40/41 MP: 3/3
  1965 | D:3      | Noticed Grinder
  1977 | D:3      | Killed Grinder
  1978 | D:3      | Reached skill level 5 in Fighting
  1978 | D:3      | Reached skill level 5 in Axes
  1978 | D:3      | Reached skill level 1 in Stealth
  1978 | D:3      | Reached XP level 5. HP: 48/48 MP: 4/4
  2036 | D:3      | Reached skill level 6 in Axes
  2036 | D:3      | Reached XP level 6. HP: 45/56 MP: 5/5
  2879 | D:5      | Entered Level 5 of the Dungeon
  2946 | D:5      | Reached XP level 7. HP: 58/61 MP: 6/6
  2966 | D:5      | Found a blossoming altar of Fedhas.
  3013 | D:5      | Found a burning altar of Makhleb.
  3021 | D:5      | Reached skill level 7 in Axes
  3118 | D:5      | Found a bloodstained altar of Trog.
  3121 | D:5      | Found a sacrificial altar of Ru.
  3136 | D:5      | Found Agheemnu's Armour Shoppe.
  3144 | D:5      | Bought a +0 cloak for 67 gold pieces
  3144 | D:5      | Bought a +0 chain mail for 67 gold pieces
  3182 | D:5      | Reached *** piety under Trog
  3342 | D:5      | Found a sparkling altar of Nemelex Xobeh.
  3502 | D:5      | Reached XP level 8. HP: 62/70 MP: 7/7
  3504 | D:5      | Reached skill level 8 in Axes
  3650 | D:6      | Found a staircase to the Ecumenical Temple.
  3709 | D:6      | Noticed Dowan
  3714 | D:6      | Noticed Duvessa
  3720 | D:6      | Killed Duvessa
  3721 | D:6      | Reached skill level 5 in Armour
  3721 | D:6      | Killed Dowan
  3929 | D:6      | Reached skill level 5 in Dodging
  4207 | D:6      | Found Ohyfoosu's Magic Scroll Boutique.
  4235 | D:6      | Found an opulent altar of Gozag.
  4512 | D:6      | Reached skill level 9 in Axes
  5169 | D:7      | Reached XP level 9. HP: 79/79 MP: 8/8
  5540 | D:7      | Identified a scroll of acquirement
  5540 | D:7      | Acquired the +12 broad axe of Yluirph {holy, +Blink Fly}
  5704 | D:7      | Reached skill level 10 in Axes
  6041 | D:7      | Reached **** piety under Trog
  6093 | D:8      | Noticed a boulder beetle
  6109 | D:7      | Killed a boulder beetle
  6110 | D:7      | Reached skill level 11 in Axes
  6239 | D:8      | Noticed a centaur warrior
  6246 | D:8      | Noticed a two-headed ogre
  6447 | D:8      | Killed a centaur warrior
  6492 | D:8      | Reached XP level 10. HP: 86/90 MP: 9/9
  6495 | D:8      | Identified the +0 ring mail of the Louse {rPois}
  6541 | D:8      | Killed a two-headed ogre
  6542 | D:8      | Reached skill level 12 in Axes
  6750 | D:8      | Noticed Psyche
  6761 | D:8      | Killed Psyche
  7027 | D:9      | Found a staircase to the Orcish Mines.
  7629 | D:9      | Noticed a two-headed ogre
  7638 | D:9      | Killed a two-headed ogre
  7639 | D:9      | Reached skill level 13 in Axes
  7995 | D:9      | Noticed a brown ugly thing
  8003 | D:9      | Killed a brown ugly thing
  8004 | D:9      | Reached XP level 11. HP: 99/99 MP: 10/10
  8060 | D:9      | Reached skill level 10 in Fighting
  8066 | D:9      | Reached skill level 14 in Axes
  8066 | D:9      | Reached skill level 10 in Armour
  8703 | D:10     | Entered Level 10 of the Dungeon
  8955 | D:10     | Found Yheach's Jewellery Boutique.
  8963 | D:10     | Bought an amulet of regeneration for 330 gold pieces
  8979 | D:10     | Found a shadowy altar of Dithmenos.
  9658 | D:11     | Found a staircase to the Lair.
  9667 | D:11     | Reached skill level 15 in Axes
  9715 | Lair:1   | Entered Level 1 of the Lair of Beasts
  9723 | Lair:1   | Reached ***** piety under Trog
 10050 | Lair:1   | Reached skill level 16 in Axes
 10062 | Lair:1   | Reached XP level 12. HP: 94/110 MP: 11/11
 10600 | Lair:2   | Reached skill level 17 in Axes
 10605 | Lair:2   | Received a gift from Trog
 10713 | Lair:2   | Noticed a five-headed hydra
 10722 | Lair:2   | Killed a three-headed hydra
 10741 | Lair:2   | Noticed a boulder beetle
 10743 | Lair:2   | HP: 5/112 [cane toad (7)]
 10744 | Lair:2   | Slain by a cane toad

Illustrated notes

Levels and vault maps discovered:
D:1:      shiori_arrival_oz, layout_loops_cross, serial_shops,
          nicolae_shop_gaudy_bauble, grunt_decor_mini_mirrors, st_stairs_12
D:2:      layout_rooms, dreamdust_ecumenical_altar_drowned_temple
D:3:      layout_rooms, lemuel_tele_altar, minivault_11, uniq_grinder
D:4:      layout_rooms, nicolae_figureground_pulse
D:5:      layout_rooms, overflow_temple_1_default, nicolae_overflow_squiral,
          mainiacjoe_overflow_alcove_1, mainiacjoe_overflow_alcove_2,
          serial_shops, shop, serial_undead, serial_undead_f, serial_undead_b,
          serial_undead_e, serial_undead_a
D:6:      layout_basic, mainiacjoe_overflow_cross_hatched, temple_green,
          serial_shops, nicolae_shop_statue_plus, minmay_misc_feat_roman,
          nicolae_eternal_life, uniq_duvessa
D:7:      hellmonk_crumbling_castle, layout_loops_ring
D:8:      layout_rooms, uniq_psyche
D:9:      layout_layer_cave, erik_orc_4, minmay_bent
D:10:     layout_cave_pods, nicolae_dithmenos_shadow_blocks, serial_shops, shop
D:11:     layout_small_grid, erik_lair_orcish_takeover,
          nicolae_trove_entry_path_of_doom, nzn_life_drinkers, uniq_grum
Lair:1:   layout_hall_layers, serial_bayou_shore_a, lemuel_fruit_fields,
          lemuel_fruit_tree, serial_bayou_shore_b
Lair:2:   layout_chaotic_city, nicolae_shoals_entry_flooding,
          nzn_sisyphean_effort

Skill      XL: |  1  2  3  4  5  6  7  8  9 10 11 12 |
---------------+-------------------------------------+-----
Fighting       | 4 5 6 7 8 9 11 12 | 12.0
Axes           | 4 5 6 7 9 11 13 16 17 | 17.2
Dodging        | 3 4 5 |  5.9
Stealth        | 1 2 3 |  3.5
Armour         | 3 4 6 8 9 11 12 | 12.3

Action                     |  1- 3 |  4- 6 |  7- 9 | 10-12 || total
---------------------------+-------+-------+-------+-------++-------
  Melee: Hand axe          |   103 |    55 |   164 |       ||   322
         Headbutt          |    11 |     8 |    42 |    41 ||   102
         Punch             |       |       |     2 |       ||     2
         Broad axe         |       |       |    37 |   261 ||   298
         Battleaxe         |       |       |       |     4 ||     4
 Invoke: Berserk           |       |     1 |     3 |    12 ||    16
    Use: Scroll            |     6 |     1 |     5 |    11 ||    23
         Potion            |       |       |     1 |       ||     1
   Stab: Sleeping          |     2 |       |       |       ||     2
         Distracted        |       |       |     2 |       ||     2
 Armour: Animal skin       |    12 |       |       |       ||    12
         Leather armour    |     4 |    13 |     1 |       ||    18
         Chain mail        |       |       |    82 |   171 ||   253
  Dodge: Dodged            |    86 |    35 |   104 |   163 ||   388

Table legend: (Time is in decaauts)
 A = Elapsed time spent in this place.
 B = Non-inter-level travel time spent in this place.
 C = Inter-level travel time spent in this place.
 D = Time resting spent in this place.
 E = Time spent auto-exploring this place.
 F = Levels seen in this place.
 G = Mean time per level.
                   A        B        C        D        E       F      G
               +--------+--------+--------+--------+--------+-----+--------+
         Total |  10869 |  10869 |      0 |   1058 |   7696 |  13 |  836.1 |
       Dungeon |   9853 |   9853 |      0 |   1050 |   6985 |  11 |  895.7 |
          Lair |   1015 |   1015 |      0 |      7 |    710 |   2 |  507.5 |
               +--------+--------+--------+--------+--------+-----+--------+

Top non-repeatable levels by time:
     D:9: 1784 daAuts
     D:6: 1589 daAuts
     D:7: 1232 daAuts
    D:10: 948 daAuts
     D:1: 922 daAuts
     D:2: 903 daAuts
     D:5: 682 daAuts
  Lair:1: 648 daAuts
     D:4: 637 daAuts
     D:8: 624 daAuts
     D:3: 440 daAuts
  Lair:2: 367 daAuts
    D:11: 88 daAuts
